 Dungeon Crawl Stone Soup version 0.16-a0-1157-gec61f8e (webtiles) character file.

270 Ratboiler the Slasher (level 6, -15/47 HPs)
             Began as a Human Berserker on Oct 8, 2014.
             Was a Believer of Trog.
             Demolished by an ogre
             ... wielding a cursed +0 giant club
              (23 damage)
             ... on level 4 of the Dungeon.
             The game lasted 00:07:29 (3881 turns).

Ratboiler the Slasher (Human Berserker)             Turns: 3881, Time: 00:07:30

Health: -15/47     AC:  5    Str: 17    XL:     6   Next: 46%
Magic:  6/6        EV: 10    Int:  7    God:    Trog [**....]
Gold:   76         SH:  0    Dex: 15    Spells: 0 memorised, 5 levels left

rFire  . . .     SeeInvis .     a - +0 falchion
rCold  . . .     Clarity  .     k - +0 ring mail
rNeg   . . .     SustAb   .     (no shield)
rPois  .         Gourm    .     (no helmet)
rElec  .         Spirit   .     (no cloak)
rCorr  .         Warding  .     (no gloves)
rMut   .         Stasis   .     (no boots)
MR     .....                    (no amulet)
Stlth  +.........               (no ring)
                                (no ring)

@: exhausted, slowed, very slow, not resistant to hostile enchantments, very
unstealthy
A: no striking features
a: Burn Spellbooks, Berserk, Trog's Hand, Renounce Religion


You were on level 4 of the Dungeon.
You worshipped Trog.
Trog was pleased with you.
You were not hungry.

You visited 1 branch of the dungeon, and saw 4 of its levels.

You collected 76 gold pieces.

Inventory:

Hand weapons
 a - a +0 falchion (weapon)
 m - a +0 blowgun
Missiles
 e - 27 stones (quivered)
 h - 9 arrows of dispersal
 n - 37 poisoned needles
Armour
 b - a +0 animal skin
 k - a +0 ring mail (worn)
Comestibles
 c - 3 bread rations
 o - a meat ration
Scrolls
 d - 3 scrolls of remove curse {unknown}
 f - a scroll of fog {unknown}
 l - a scroll of teleportation {unknown}
 p - a scroll of blinking {unknown}
 q - a scroll of identify {unknown}
 r - a scroll of fear {unknown}
Potions
 i - a potion of degeneration {unknown}
 j - a potion of magic {unknown}


   Skills:
 - Level 3.0 Fighting
 + Level 6.8 Long Blades
 - Level 2.0 Armour
 - Level 2.0 Dodging


You had 5 spell levels left.
You didn't know any spells.

Dungeon Overview and Level Annotations

Branches:
Dungeon (4/15)
 Temple: D:4-7

Altars:
Fedhas
Gozag
Makhleb
Yredelemnul
Zin
The Shining One


Message History

Okay, then.
Drink which item? (? for menu, Esc to quit)
You feel better.
It was a potion of curing.
The ogre barely misses you.
An orc skeleton comes into view.
The ogre hits you with a giant club!
* * * LOW HITPOINT WARNING * * *
The ogre closely misses you.
Found a scroll labeled GAICWA PIOMU.
A hobgoblin comes into view.
The hobgoblin shouts!
Found a scroll labeled KLOCIN GEVAFY.
Drink which item? (? for menu, Esc to quit)
You feel better. The ogre closely misses you.
The ogre hits you with a giant club.
* * * LOW HITPOINT WARNING * * *
The hobgoblin hits you.
* * * LOW HITPOINT WARNING * * *
Unknown command.
The ogre hits you with a giant club!!
You die...

.# + .# ......##..# #'##
........'..# ..'
.......#..+ ..# ###
#.##..##..# ?.#
..###'##..##..###..##+##
..............ZO@.?....#
................g......#
........................
........................
..###..##+##..###.###..#
..###..##.###+# .# .
..'...........# ..
..#...........+ ..#
..##...###....# .##


You could see an ogre, a hobgoblin and an orc skeleton.

Vanquished Creatures
  The ghost of Foahim the Slasher, a weakling DsGl (D:3)
  A crimson imp (D:4)
  An orc priest (D:3)
  A hound (D:4)
  2 worker ants (D:4)
  A gnoll (D:3)
  An adder (D:2)
  2 worms
  2 giant geckos
  3 orcs (D:3)
  A ball python (D:4)
  11 bats
  3 giant cockroaches
  3 goblins
  7 hobgoblins
  7 kobolds
  3 giant newts
  8 rats
  A plant (D:3)
59 creatures vanquished.

Vanquished Creatures (others)
  A rat (D:1)
1 creature vanquished.

Grand Total: 60 creatures vanquished

Notes
Turn   | Place    | Note
--------------------------------------------------------------
     0 | D:1      | Ratboiler, the Human Berserker, began the quest for the Orb.
     0 | D:1      | Reached XP level 1. HP: 18/18 MP: 1/1
   291 | D:1      | Reached XP level 2. HP: 21/24 MP: 2/2
  1126 | D:2      | Found a burning altar of Makhleb.
  1145 | D:2      | Acquired Trog's second power
  1145 | D:2      | Reached skill level 4 in Long Blades
  1145 | D:2      | Reached XP level 3. HP: 24/29 MP: 3/3
  1396 | D:2      | Found a glowing golden altar of the Shining One.
  1432 | D:2      | Found an opulent altar of Gozag.
  1832 | D:2      | Found a glowing silver altar of Zin.
  1842 | D:2      | Found a basalt altar of Yredelemnul.
  1936 | D:3      | Reached XP level 4. HP: 35/35 MP: 4/4
  1939 | D:3      | Reached skill level 5 in Long Blades
  2014 | D:3      | Found a blossoming altar of Fedhas.
  2126 | D:3      | Noticed Foahim's ghost (weakling DsGl)
  2143 | D:3      | Killed Foahim's ghost
  2143 | D:3      | Reached XP level 5. HP: 18/41 MP: 5/5
  3506 | D:4      | Reached skill level 6 in Long Blades
  3590 | D:4      | Reached XP level 6. HP: 36/47 MP: 6/6
  3869 | D:4      | HP: 2/47 [ogre/giant club (10)]
  3881 | D:4      | Demolished by an ogre

Action                   |  1- 3 |  4- 6 || total
-------------------------+-------+-------++-------
Melee: Falchion          |   117 |   161 ||   278
Invok: Berserk           |     2 |     6 ||     8
  Use: Potion            |       |     2 ||     2
 Stab: Sleeping          |     1 |       ||     1
  Eat: Chunk             |     3 |     5 ||     8
       Beef jerky        |     1 |     1 ||     2
       Meat ration       |       |     1 ||     1
       Pizza             |       |     1 ||     1
